[Event "IX Iberoamericano Championship 2023"]
[Site "Panama City"]
[Date "2023.11.30"]
[Round "6.1"]
[White "Hernandez Guerrero, Gilberto"]
[Black "Henriquez Villagra, Cristobal"]
[Result "1/2-1/2"]
[ECO "B47"]
[WhiteElo "2527"]
[BlackElo "2630"]
[Annotator "TA"]
[PlyCount "36"]
[EventDate "2023.11.27"]
[EventType "swiss"]
[EventCountry "PAN"]
[SourceTitle "playchess.com"]
[Source "ChessBase"]
[SourceQuality "1"]
[TimeControl "5400+30"]

1. e4 c5 2. Nc3 Nc6 3. Nf3 e6 4. d4 cxd4 5. Nxd4 Qc7 6. f4 a6 7. Nxc6 Qxc6 8. Bd3 b5 9. Qe2 Bb7 10. Bd2 Bc5 11. a3 {[%emt 0:10:16] B47: Sicilian: Taimanov: 5 Nc3 Qc7 6 f4, 6 g3 and 6 Be2.} Ne7 12. O-O-O O-O 13. Rhf1 b4 14. axb4 Bxb4 15. f5 {[%emt 0:10:15] [#] Black must now prevent f6.} exf5 $146 ({Predecessor:} 15... f6 16. Rf4 Rf7 17. Rh4 a5 18. Qh5 g6 19. fxg6 Nxg6 20. Rg4 Qc5 21. e5 f5 {1-0 Costa,L (2346)-Grabinsky,A (2409) Budapest SixDays 08 GM-A 2023 (6)}) 16. exf5 {[%emt 0:00:31][%cal Of5f6] Threatens to win with f6!} Bxc3 (16... Qf6 $16 {was necessary.}) 17. Bxc3 $18 Nd5 {[%emt 0:00:07] [#]} (17... Qh6+ 18. Bd2 Qf6) 18. Bd2 $2 {[%emt 0:21:24] This pair of bishops is nice.} (18. Bxg7 $1 $18 {f6 would kill now.} Kxg7 19. Qg4+ Kh8 20. f6 Nxf6 21. Qd4) 18... Qa4 {[%emt 0:00:30] Weighted Error Value: White=0.76/Black=0.67} 1/2-1/2

[Event "IX Iberoamericano Championship 2023"]
[Site "Panama City"]
[Date "2023.11.30"]
[Round "6.2"]
[White "Mareco, Sandro"]
[Black "De La Riva Aguado, Oscar"]
[Result "1/2-1/2"]
[ECO "C11"]
[WhiteElo "2606"]
[BlackElo "2437"]
[Annotator "TA"]
[PlyCount "39"]
[EventDate "2023.11.27"]
[EventType "swiss"]
[EventCountry "PAN"]
[SourceTitle "playchess.com"]
[Source "ChessBase"]
[SourceQuality "1"]
[TimeControl "5400+30"]

1. e4 e6 2. d4 d5 3. Nc3 Nf6 4. e5 Nfd7 5. Nce2 c5 6. c3 cxd4 7. cxd4 f6 {[%emt 0:00:07] C11: French: Classical System: 4 e5 and 4 Bg5 dxe4.} 8. Nf4 {[%emt 0:03:15] Strongly threatening Qh5+.} Bb4+ 9. Bd2 Qb6 10. Bxb4 {[%emt 0:09:16][%mdl 64] [#] Remove Defender} Qxb4+ 11. Qd2 Qxd2+ 12. Kxd2 Ke7 13. exf6+ gxf6 14. Nf3 Nc6 {[%emt 0:07:10] [#]} 15. Bb5 $146 ({Predecessor:} 15. Re1 Nb6 16. Bd3 Kd6 17. Nh5 e5 18. Nxf6 e4 19. Ng5 Rf8 20. Nfxh7 Rxf2+ 21. Re2 {0-1 Milliet,S (2401)-Navrotescu,A (2284) C'Chartres Blitz Showmatch 2 2020 (7)}) 15... Kd6 16. Rhe1 Nb6 ({Black should play} 16... e5 $11 17. Nh5 Nxd4 18. Nxd4 exd4) 17. b3 Bd7 18. Rac1 Rae8 19. Nd3 (19. Bxc6 $14 bxc6 20. Nd3) 19... Nb8 20. a4 {[%emt 0:12:20] Weighted Error Value: White=0.15 (very precise) /Black=0.15 (very precise)} 1/2-1/2

[Event "IX Iberoamericano Championship 2023"]
[Site "Panama City"]
[Date "2023.11.30"]
[Round "6.3"]
[White "Sanchez Alvarez, Roberto Carlos"]
[Black "Almeida Quintana, Omar"]
[Result "1/2-1/2"]
[ECO "A41"]
[WhiteElo "2437"]
[BlackElo "2509"]
[Annotator "TA"]
[PlyCount "82"]
[EventDate "2023.11.27"]
[EventType "swiss"]
[EventCountry "PAN"]
[SourceTitle "playchess.com"]
[Source "ChessBase"]
[SourceQuality "1"]
[TimeControl "5400+30"]

1. d4 d6 2. Nf3 g6 3. c4 Bg7 4. Nc3 Bg4 5. g3 Nc6 6. Bg2 {[%emt 0:01:50] A41: 1 d4 d6: Tartakower System and Modern Defence.} e5 7. d5 Nce7 8. e4 {[%emt 0:00:14] White is slightly better.} Nf6 9. h3 Bd7 10. O-O O-O 11. Be3 {[%emt 0:00:59] [#]} c5 $146 (11... Ne8 $14) ({Predecessor:} 11... Nh5 12. c5 f5 13. exf5 Nxf5 14. Bg5 Bf6 15. Ne4 Bxg5 16. Nfxg5 h6 17. Ne6 Bxe6 18. dxe6 {0-1 Zhukova,N (2403)-Batsiashvili,N (2482) Telavi Lela and Bela Cup rapid 2018 (1)}) 12. dxc6 $16 Bxc6 13. Qd3 Qb8 14. Rfd1 Rd8 15. b4 b6 16. Nd2 Qb7 17. a4 a5 18. Rdb1 (18. b5 Be8 19. Nf3 Nh5 $16) 18... axb4 19. Rxb4 Nd7 20. Qb1 (20. Qxd6 $2 Nf8 $19) 20... Rdb8 21. Nd5 Bxd5 22. cxd5 ({Weaker is} 22. exd5 Nf5 $11) 22... Qc7 (22... Nc5 $142 23. Nc4 Nc8 24. Nxd6 {[%mdl 64] Remove Defender} Nxd6) 23. Nc4 $18 Nc8 {[%emt 0:00:35] [#]} 24. h4 $1 {[%emt 0:08:56] Black is weak on the light squares} Bf6 25. Bh3 Bd8 26. Ra2 Ra6 $2 (26... Nc5 27. Bxc8 {[%mdl 64] Remove Defender, Deflection} Qxc8 28. Nxd6 (28. Nxb6 Bxb6 29. Rxb6 Nxa4 $14) 28... Qc7) 27. Rc2 {[%emt 0:00:50][%cal Oc4b6] aiming for Nxb6!} Nc5 {[%emt 0:00:31] [#]} 28. a5 $1 {[%emt 0:06:52][%cal Ba4a5,Ba5b6,Bb6b7][%mdl 544] Black must now prevent Bxc8.} Be7 (28... Qe7 29. Rc1) 29. Bxc8 Qxc8 30. axb6 ({Less strong is} 30. Nxb6 Qg4 $18) 30... Qg4 {[%emt 0:00:28] [#]} (30... Qh3 $142 31. Nxe5 Rb7) 31. Nxe5 $1 {[%emt 0:01:15][%mdl 576] Deflection} dxe5 32. Bxc5 Bxh4 33. Rc3 Bd8 34. Rbb3 h5 35. b7 Qd7 36. Be3 h4 37. gxh4 (37. Rc6 $142 Ra4 38. Kg2) 37... Qg4+ 38. Kf1 {[%emt 0:00:02][%cal Oe3g5] Hoping for Bg5!} Qxh4 (38... Kg7 $142 39. Bc5 Bxh4) 39. Ke2 {[%emt 0:01:45] Rc8 would be deadly.} Kg7 (39... Qg4+ $142 40. Kd3 f5) 40. Rc8 $2 {[%emt 0:00:41] Active counter play!} (40. Ra3 $18 Qg4+ 41. Kd3) 40... Rxb7 $11 41. Kd3 {[%emt 0:01:03] [#]} ({Wrong is} 41. Bh6+ $2 Kxh6 42. Rxb7 Qg4+ 43. Kf1 Qxc8 $19) (41. Rxb7 $11 {was the only way to keep the balance.} Qg4+ 42. f3 Qxc8 43. Qb3) 41... Raa7 $2 {[%mdl 40960] An exciting game.   Weighted Error Value: White=0.38/Black=0.39. An unexpected result.} 1/2-1/2

[Event "IX Iberoamericano Championship 2023"]
[Site "Panama City"]
[Date "2023.11.30"]
[Round "6.4"]
[White "Flores Quillas, Diego Saul Rodri"]
[Black "Cuenca Jimenez, Jose Fernando"]
[Result "1/2-1/2"]
[ECO "C18"]
[WhiteElo "2414"]
[BlackElo "2505"]
[Annotator "TA"]
[PlyCount "64"]
[EventDate "2023.11.27"]
[EventType "swiss"]
[EventCountry "PAN"]
[SourceTitle "playchess.com"]
[Source "ChessBase"]
[SourceQuality "1"]
[TimeControl "5400+30"]

1. e4 e6 2. d4 d5 3. Nc3 Bb4 4. e5 c5 5. a3 Bxc3+ 6. bxc3 Qa5 7. Bd2 Qa4 8. Nf3 b6 9. dxc5 {[%emt 0:03:54] C18: French: 3 Nc3 Bb4: Main line: 7 h4 and 7 Qg4.} bxc5 10. Rb1 Ba6 {[%emt 0:01:18] Dodges Bb5+} 11. Bxa6 {[%emt 0:00:10] [#]} Nxa6 $146 ({Predecessor:} 11... Qxa6 12. Qe2 Qxe2+ 13. Kxe2 Nd7 14. Rb7 Ne7 15. Rhb1 Nc6 16. Rc7 Ncxe5 17. Rbb7 O-O {½-½ Radovanovic,N (2438)-Pesotskiy,M (2177) Veliko Gradiste Silver Lake op 2018 (1)}) 12. O-O Ne7 13. Rb7 {[%emt 0:16:33] [#]} ({White should play} 13. Qe2 $15) 13... Rb8 $1 $17 14. Rxb8+ (14. Rxa7 $2 {is the wrong capture.} Nc6 15. Rxa6 Qxa6 $19) 14... Nxb8 15. Qb1 O-O 16. Qb3 Qxb3 (16... Qa6 $17) 17. cxb3 $15 Nd7 18. Be3 Nc6 19. b4 Rb8 20. Rd1 {[%emt 0:09:34] [#]} (20. g3 $15) 20... a5 $1 $17 21. bxc5 Ncxe5 (21... Ndxe5 $17 22. Nd4 Nxd4 23. cxd4 Nc6) 22. Nxe5 ({Better is} 22. Kf1 $15) 22... Nxe5 {[%emt 0:00:01][%mdl 4096] Endgame KRB-KRN} 23. h3 Nc4 24. Bf4 Rc8 25. Rb1 e5 (25... Rxc5 $2 {leads to mate.} 26. Rb8+) 26. Bc1 f6 (26... Rxc5 $2 {is a self mate.} 27. Rb8+) 27. Rb5 d4 (27... Kf7 $17) 28. cxd4 $11 exd4 {[%emt 0:00:01] ...d3 would be deadly.} 29. Kf1 d3 {[%emt 0:00:02] And now ...d2 would win.} 30. Be3 Kf7 31. Rb3 d2 32. Ke2 Nxe3 {[%emt 0:00:28] Weighted Error Value: White=0.12 (very precise) /Black=0.14 (very precise)} 1/2-1/2

[Event "IX Iberoamericano Championship 2023"]
[Site "Panama City"]
[Date "2023.11.30"]
[Round "6.5"]
[White "Miranda Mesa, Elier"]
[Black "Zambrana, Osvaldo"]
[Result "1/2-1/2"]
[ECO "B23"]
[WhiteElo "2490"]
[BlackElo "2400"]
[Annotator "TA"]
[PlyCount "52"]
[EventDate "2023.11.27"]
[EventType "swiss"]
[EventCountry "PAN"]
[SourceTitle "playchess.com"]
[Source "ChessBase"]
[SourceQuality "1"]
[TimeControl "5400+30"]

1. e4 c5 2. Nc3 Nc6 3. Bb5 Nd4 4. Bc4 a6 5. a4 e6 6. Nge2 {[%emt 0:00:19] B23: Closed Sicilian: Lines without g3.} Nf6 7. O-O d5 8. exd5 {[%emt 0:00:04] The position is equal.} exd5 9. Ba2 ({Much worse is} 9. Nxd4 cxd4 10. Nxd5 Nxd5 $15) 9... Bd6 {[%emt 0:00:58][%cal Od6h2] [#] Threatens to win with ...Bxh2+!} 10. d3 Ne6 $1 {[%emt 0:01:03] Dodges Bg5 The main line 10...Ne6 scores better than 10...0-0.} 11. Ng3 O-O 12. Nh5 Nxh5 13. Qxh5 Nd4 14. Bg5 Qd7 15. Bxd5 Nxc2 16. Rac1 Nb4 {[%emt 0:22:44] [#]} 17. Bc4 $146 ({Predecessor:} 17. Bf3 h6 18. Ne4 f5 19. Nxd6 hxg5 20. Nxc8 Raxc8 21. Rc3 g4 22. Bd1 Nd5 23. Bb3 {½-½ Latypov,M (2145)-Shchemelev,P (2296) W-Cup22 WS33 email 2017}) 17... b6 18. Rfe1 Qf5 (18... Qg4 $5 19. Qxg4 Bxg4 $11) 19. Ne4 Bc7 20. Re3 (20. d4 $14) 20... Be6 $11 21. Bxe6 fxe6 22. Rf3 Qe5 {[%emt 0:04:08] ...Rxf3 would be deadly.} 23. Rh3 Qf5 (23... h6 $15 24. Be3 (24. Qg6 $2 Qf5 $19) 24... Qxh5 25. Rxh5 Nxd3) 24. Rf3 (24. g4 $11 Qg6 25. Qxg6 hxg6 26. a5) 24... Qe5 {[%emt 0:00:03] White must now prevent ...Rxf3.} (24... Qd5 $5 ) 25. Rh3 {[%emt 0:21:07] Some like it hot} Qf5 ({Black should try} 25... h6 $15 26. Be3 (26. Qg6 $2 Qf5 $19) 26... Qxh5 27. Rxh5 Nxd3) 26. Re1 (26. g4 $14 Qg6 27. Qxg6 hxg6 28. a5) 26... Bd8 {[%emt 0:00:30] Weighted Error Value: White=0.17 (very precise) /Black=0.14 (very precise)} (26... h6 $15 {keeps the upper hand.}) 1/2-1/2

[Event "IX Iberoamericano Championship 2023"]
[Site "Panama City"]
[Date "2023.11.30"]
[Round "6.6"]
[White "Espinosa Veloz, Ermes"]
[Black "Ynojosa Aponte, Felix Jose"]
[Result "1-0"]
[ECO "B30"]
[WhiteElo "2478"]
[BlackElo "2393"]
[Annotator "TA"]
[PlyCount "61"]
[EventDate "2023.11.27"]
[EventType "swiss"]
[EventCountry "PAN"]
[SourceTitle "playchess.com"]
[Source "ChessBase"]
[SourceQuality "1"]
[TimeControl "5400+30"]

1. e4 c5 2. Nf3 Nc6 3. Bb5 e6 4. O-O Nge7 5. Re1 Ng6 6. c3 Be7 {[%emt 0:00:02] B30: Sicilian: 2...Nc6 3 Bb5, lines without ...g6.} 7. d4 cxd4 8. cxd4 d5 {[%emt 0:00:02] The position is equal.} 9. e5 O-O 10. Nc3 Bd7 11. Be3 {[%emt 0:03:31] [#]} f6 $146 ({Predecessor:} 11... Qb6 12. Qe2 Rfc8 13. Rad1 a6 14. Bd3 Nb4 15. Bb1 Bb5 16. Qd2 Nc6 17. Bg5 Bb4 {1-0 Svane,F (2603)-Dixit,N (2289) Dortmund Sparkassen op 50th 2023 (1)}) 12. exf6 Bxf6 13. Rc1 Be8 14. Na4 Qa5 15. Bxc6 Bxc6 16. Nc5 Rfe8 17. Bg5 (17. Bd2 $5 Qb6 18. Re3 $14 (18. Nxe6 Qxb2 19. Bg5 Re7 $11) (18. Rxe6 Rxe6 19. Nxe6 Qxb2 $11)) 17... Qxa2 $2 {[%emt 0:05:13][%mdl 8192] This move loses the game for Black.} ({Black should play} 17... e5 $14) 18. Bxf6 $18 gxf6 {[%emt 0:00:01] [#]} 19. Qd2 e5 20. Re3 {[%emt 0:02:02] Strongly threatening Ra3.} e4 21. Ne1 {[%emt 0:01:10] Ra3 is the strong threat.} ({Weaker is} 21. Ra3 Qxa3 22. bxa3 exf3 $18) 21... b6 22. Ra3 {[%emt 0:00:38] Inhibits Qa5.} Qxa3 23. bxa3 bxc5 24. Rxc5 Ne7 25. Nc2 {[%emt 0:00:33] White is clearly winning.} Reb8 26. h4 Rb5 27. Rxb5 {[%emt 0:01:37][%mdl 64] [#] Remove Defender} Bxb5 28. Qb4 Bd3 29. Qxe7 {[%emt 0:00:23] White threatens Ne3 and mate.} Bxc2 30. Qe6+ Kg7 31. Qc6 {[%emt 0:00:05] Weighted Error Value: White=0.04 (flawless) /Black=0.44} 1-0

[Event "IX Iberoamericano Championship 2023"]
[Site "Panama City"]
[Date "2023.11.30"]
[Round "6.7"]
[White "Barboza Viquez, Martin Eduardo"]
[Black "Diaz Perez, Michel Alejandro"]
[Result "0-1"]
[ECO "B12"]
[WhiteElo "1657"]
[BlackElo "2459"]
[Annotator "TA"]
[PlyCount "66"]
[EventDate "2023.11.27"]
[EventType "swiss"]
[EventCountry "PAN"]
[SourceTitle "playchess.com"]
[Source "ChessBase"]
[SourceQuality "1"]
[TimeControl "5400+30"]

1. e4 c6 2. d4 d5 3. e5 Bf5 4. Nf3 e6 5. Be2 Nd7 6. O-O h6 {[%emt 0:00:46] 6...a5 gains popularity.} 7. c3 Ne7 8. Nbd2 {[%emt 0:19:53] B12: Caro-Kann: Advance Variation.} g5 9. h3 Bg7 {[%emt 0:02:40] [#]} 10. Nh2 $146 {[%emt 0:04:05] White is slightly better.} ({Predecessor:} 10. Ne1 Qc7 11. a4 O-O 12. Ndf3 f6 13. exf6 Rxf6 14. Nd3 Ng6 15. Be3 Re8 16. Nde5 {½-½ Vingris,M (2116)-Wagner,L (2253) Vienna Ottakring 100 Years 2023 (8)}) 10... Qc7 11. b4 O-O {[%emt 0:04:42] [#]} 12. h4 gxh4 $15 13. Nb3 f6 14. f4 fxe5 (14... h3 $5 15. Bf3 hxg2 $17) 15. fxe5 h3 16. Ng4 $1 hxg2 17. Kxg2 (17. Rf2 $1 $15) 17... Be4+ $17 18. Bf3 Rxf3 19. Rxf3 Nf5 {[%emt 0:06:04] Some like it hot} (19... Bxf3+ 20. Qxf3 Nf5 21. Qh3 $11) ({Black should play} 19... Rf8 $17 20. Nd2 Nf5) 20. Kg1 $1 $15 {[%emt 0:00:26] Rh3 would be deadly.} Bxf3 (20... Bxe5 {is more complex.} 21. Nxh6+ Nxh6 22. Bxh6 Bg7) 21. Qxf3 h5 (21... Rf8 $15 22. Qh3 Kh7) 22. Ne3 $11 Rf8 $36 {[%emt 0:00:30][%cal Of5d4][%mdl 2048] Black is pushing.} 23. Nxf5 (23. Qxh5 $11 {remains equal.} Bxe5 24. dxe5 (24. Qg6+ Ng7 $17) 24... Nxe5 25. Qh3) 23... Rxf5 $17 24. Qg2 Nf8 25. Bd2 {[%emt 0:00:23] [#]} Qf7 ({Better is} 25... b6 $1 $17 26. Rf1 Qf7 27. Rxf5 Qxf5) 26. Na5 $1 $15 Ng6 {[%emt 0:01:57] aiming for ...Nh4.} (26... Kh7 $5 27. Rf1 Bh6 28. Bxh6 Kxh6 29. Qd2+ (29. Rxf5 exf5 30. Qd2+ Kh7 $17) 29... Kg7 30. Qg2+ Kh6 31. Qd2+ (31. Rxf5 exf5 32. Qd2+ Kh7 $17) 31... Kh7 $17) 27. Rf1 $2 {[%emt 0:03:42][%mdl 8192] White does not recover from this.} (27. Nxb7 $17 Nh4 28. Nd6 Nxg2 29. Nxf7) 27... Nh4 $19 {[%emt 0:01:11] Black is clearly winning.} 28. Rxf5 Qxf5 29. Qe2 Qf3 ({Weaker is} 29... Nf3+ 30. Kg2 Qg4+ 31. Kf2 Nxd2 32. Qxd2 $17) 30. Qf2 Qh3 {[%emt 0:00:30] And now ...Nf3+ would win.} 31. Qe2 Qg3+ ({Don't go for} 31... Nf3+ $2 32. Kf2 Nh4 33. Nb3 $19) 32. Kf1 Nf3 33. Be3 {[%emt 0:00:30] Dodges Qg1+} (33. Qg2 $142 Qxg2+ {[%mdl 64] Remove Defender} 34. Kxg2 Nxd2 35. Nxb7) 33... Nh2+ {[%emt 0:00:30] Weighted Error Value: White=0.66/Black=0.19 (very precise)} 0-1

[Event "IX Iberoamericano Championship 2023"]
[Site "Panama City"]
[Date "2023.11.30"]
[Round "6.8"]
[White "Berdayes Ason, Dylan Isidro"]
[Black "Esmeraldas Huachi, Anderson"]
[Result "1-0"]
[ECO "B90"]
[WhiteElo "2507"]
[BlackElo "2120"]
[Annotator "TA"]
[PlyCount "105"]
[EventDate "2023.11.27"]
[EventType "swiss"]
[EventCountry "PAN"]
[SourceTitle "playchess.com"]
[Source "ChessBase"]
[SourceQuality "1"]
[TimeControl "5400+30"]

1. e4 c5 2. Nf3 d6 3. d4 cxd4 4. Nxd4 Nf6 5. Nc3 a6 6. Be3 e5 7. Nb3 Be7 8. f3 Be6 9. Qd2 O-O 10. O-O-O b5 11. g4 Qc7 12. g5 Nh5 13. Kb1 Nd7 14. Nd5 Bxd5 15. exd5 Nb6 {[%emt 0:00:01] B90: Sicilian Najdorf: Unusual White 6th moves, 6 Be3 Ng4 and 6 Be3 e5.} 16. Na5 {[%emt 0:00:21] 16.Rg1 is not played anymore.} Nxd5 {[%emt 0:00:46][%mdl 64] Deflection} 17. Qxd5 {[%emt 0:00:03] And now Nc6 would win.} Qxa5 {[%emt 0:00:02] Black is weak on the light squares. White has an edge.} 18. Bd3 g6 19. Qb7 {[%emt 0:00:43] Repels Qc7} Qd8 20. Be4 {[%emt 0:08:27] [#]} Rc8 $146 (20... Bxg5 $1 $11 21. Qxa8 Qxa8 22. Bxa8 Bxe3) ({Predecessor:} 20... Bxg5 21. Bc5 dxc5 22. Rxd8 Raxd8 23. Qxa6 b4 24. a4 bxa3 25. Qxa3 Be7 26. Qa7 Bd6 {1-0 Nimtz,M (2641)-Toth,B (2617) Lannaioli Memorial email 2007}) 21. Qxa6 {[%emt 0:09:36] White is much more active. The black rooks are badly placed.} Qd7 22. Rhg1 Nf4 23. Bxf4 exf4 24. Qb6 Rb8 25. Qd4 Qh3 (25... Rfc8 $142) 26. Qa7 $16 Qe6 27. h4 ({Better is} 27. Bd5 $18 Qe3 28. Qd7) 27... Rfd8 28. Rge1 Qd7 {[%emt 0:00:44] Against Bc6} 29. Qd4 Bf8 30. Qf6 Bg7 31. Qxf4 Be5 32. Qe3 Re8 {[%emt 0:00:10] [#]} 33. h5 $1 Qh3 (33... Bg7 $142 34. h6 Bf8) 34. Rh1 Qg3 35. Rdg1 Qf4 36. Qb3 Kf8 37. hxg6 hxg6 38. a3 Bg7 39. Rg4 Qd2 40. c3 $40 {[%emt 0:01:22][%mdl 128] Black is in trouble.} Re5 (40... Qe3 {was called for.} 41. Qd1 (41. Rh7 b4 $11) 41... Rbd8) 41. Rd1 $18 {[%emt 0:00:50][%mdl 64] Skewer, Deflection} ({Stronger than} 41. Rh7 d5 42. Qb4+ Kg8 43. Rxg7+ Kxg7 $11) 41... Qe3 42. Rxd6 {[%emt 0:00:38] Rd7 would be deadly.} b4 43. Rd7 ({But not} 43. axb4 Qa7 44. Qc4 Re7 $18) 43... Re7 44. Rxe7 Kxe7 45. axb4 Rh8 46. Qa3 Rh1+ $2 (46... Be5 47. Qa5 Bf4) 47. Ka2 {[%emt 0:00:01] Threatening mate with b5+.} Be5 48. Bd5 {[%emt 0:04:41] Strongly threatening b5+.} Kf8 {[%emt 0:00:29] [#]} 49. f4 Qd3 50. Qa8+ Kg7 51. Bxh1 Qc4+ 52. Ka3 Bxc3 53. bxc3 {[%emt 0:02:44] Weighted Error Value: White=0.07 (flawless) /Black=0.51} 1-0

[Event "IX Iberoamericano Championship 2023"]
[Site "Panama City"]
[Date "2023.11.30"]
[Round "6.9"]
[White "Villalba, Marcelo"]
[Black "Soto Hernandez, Henry"]
[Result "1/2-1/2"]
[ECO "C84"]
[WhiteElo "2241"]
[BlackElo "2490"]
[Annotator "TA"]
[PlyCount "38"]
[EventDate "2023.11.27"]
[EventType "swiss"]
[EventCountry "PAN"]
[SourceTitle "playchess.com"]
[Source "ChessBase"]
[SourceQuality "1"]
[TimeControl "5400+30"]

1. e4 e5 2. Nf3 Nc6 3. Bb5 a6 4. Ba4 Nf6 5. O-O Be7 6. d3 d6 7. c3 O-O 8. Re1 b5 9. Bc2 Re8 10. a4 {[%emt 0:01:22] C84: Closed Ruy Lopez: Unusual White 6th moves.} Rb8 11. axb5 axb5 12. h3 Bf8 {[%emt 0:00:43] [#]} 13. Nbd2 $146 ({Predecessor:} 13. Bg5 h6 14. Bh4 g5 15. Bg3 Bg7 16. d4 Qe7 17. d5 Nd8 18. Nh2 h5 19. h4 {1-0 Chaucanes,L (1969)-Franco Valencia,B (2108) COL-ch (Women) 2007 (5)}) 13... Bb7 14. Nf1 Ra8 15. Rxa8 Qxa8 16. Ng3 Ne7 17. Nh2 Ng6 18. Ng4 Nd7 19. Nf5 Bc8 {[%emt 0:05:54] Weighted Error Value: White=0.11 (very precise) /Black=0.13 (very precise)} (19... d5 $11 {remains equal.}) 1/2-1/2

[Event "IX Iberoamericano Championship 2023"]
[Site "Panama City"]
[Date "2023.11.30"]
[Round "6.10"]
[White "Matamoros Franco, Carlos S."]
[Black "Portal Ramos, Cristhian"]
[Result "1/2-1/2"]
[ECO "A11"]
[WhiteElo "2455"]
[BlackElo "2085"]
[Annotator "TA"]
[PlyCount "80"]
[EventDate "2023.11.27"]
[EventType "swiss"]
[EventCountry "PAN"]
[SourceTitle "playchess.com"]
[Source "ChessBase"]
[SourceQuality "1"]
[TimeControl "5400+30"]

1. c4 c6 2. Nf3 d5 3. g3 Nf6 4. Bg2 dxc4 5. O-O Nbd7 6. Qc2 Nb6 {[%emt 0:00:00] A11: English Opening: 1...c6.} 7. a4 a5 8. Na3 g6 9. Nxc4 Nxc4 10. Qxc4 Bg7 11. e4 O-O 12. d3 b6 {[%emt 0:00:00] [#]} (12... Be6 $11 13. Qc2 Ng4) 13. e5 $146 (13. Qxc6 Ba6 14. Be3 Bxd3 $11) ({Predecessor:} 13. Rd1 Ba6 14. Qc2 c5 15. Bf4 Rc8 16. Bh3 e6 17. Qb3 Nd7 18. d4 cxd4 19. Bg5 {0-1 Iskandarov,M (2577)-Mishra,A (2550) Sharjah Masters 6th 2023 (5)}) 13... Nd5 14. Qh4 (14. Nd4 $14 {should be considered.} Nb4 15. Nxc6 (15. Bxc6 $2 {too greedy.} Ba6 $19) 15... Nxc6 16. Qxc6 (16. Bxc6 Ba6 $11)) 14... Qd7 {[%emt 0:00:00] [#]} 15. e6 $1 fxe6 (15... Qxe6 $2 16. Ng5 h5 17. Nxe6 $18) 16. Bh6 Bf6 17. Qe4 ({Of course not} 17. Ng5 Rd8 $11) 17... Rf7 ({Better is} 17... Rd8 $11) 18. d4 {[%emt 0:00:00] White is more active.} Nb4 19. Ne5 (19. Rac1 $14 {feels stronger.}) 19... Bxe5 $11 20. dxe5 Ba6 21. Rfd1 {[%emt 0:00:00][%mdl 1024] White has compensation.} Nd5 22. h4 Kh8 {[%emt 0:00:00] Black is weak on the dark squares} 23. Rd2 Rg8 (23... Rf5 $11) 24. Rad1 (24. b4 $1 $16) 24... Bc8 25. Qe2 Qc7 26. Bh3 c5 27. Kh2 Qc6 28. Qb5 Qxb5 29. axb5 Rf3 30. Bg2 $1 Rf5 {[%emt 0:01:07] [#]} 31. Re1 $1 Rd8 (31... Rh5 $16 32. Bg5 h6) 32. g4 $18 Rf7 33. Kg3 Bb7 34. Be4 Rc8 (34... Ba8 $14) 35. f3 (35. f4 $16) 35... Kg8 {[%emt 0:04:28] [#]} (35... Ba8 $1 $14) 36. Red1 ({White should try} 36. h5 $1 $18 ) 36... Ba8 (36... Kh8 $16) 37. Kh2 (37. f4 $18) 37... Kh8 (37... Rb8 $14) 38. Kg3 (38. f4 $1 $16 ) 38... Kg8 39. Kh2 Kh8 $1 40. Kg3 (40. f4 $1 $16 ) 40... Kg8 {[%emt 0:00:05] Weighted Error Value: White=0.32/Black=0.24 (precise)} 1/2-1/2